 Dungeon Crawl Stone Soup version 0.32-a0-886-g41c5271027 (webtiles) character file.

Game seed: 5689666873468679820

13885 Biggs the Skirmisher (level 12, 0/86 HPs)
             Began as a Coglin Hunter on Apr 3, 2024.
             Was a High Priest of Okawaru.
             Slain by a basilisk (14 damage)
             ... on level 1 of the Lair of Beasts.
             The game lasted 00:26:00 (9688 turns).

Biggs the Skirmisher (Coglin Hunter)                Turns: 9688, Time: 00:26:02

Health: 0/86       AC: 18    Str: 15    XL:     12   Next: 10%
Magic:  12/12      EV: 19    Int:  9    God:    Okawaru [*****.]
Gold:   1120       SH:  0    Dex: 22    Spells: 11/11 levels left

rFire   . . .        a - +2 sling (drain) {Fritz}
rCold   . . .        x - +1 sling (freeze) {Bonhwa}
rNeg    . . .        p - +2 steam dragon scales
rPois   .            w - +2 hat {Stlth+}
rElec   .            o - +2 cloak
rCorr   .            h - +2 pair of gloves {Str+3}
SInv    .            j - +2 pair of boots
Will    .....        (amulet unavailable)
Stlth   +++          (ring unavailable)
HPRegen 0.34/turn    (ring unavailable)
MPRegen 0.13/turn    (no gizmo)

%: no passive effects
@: about to teleport, studying Short Blades, revving
A: off-hand wielding, slow wielding, warmup strikes, no jewellery
a: Invent Gizmo, Renounce Religion, Heroism, Finesse, Duel


You were on level 1 of the Lair of Beasts.
You worshipped Okawaru.
Okawaru was extremely pleased with you.
You visited 3 branches of the dungeon, and saw 12 of its levels.
You also visited: Bailey.

You collected 1120 gold pieces.

Inventory:

Hand Weapons
 a - a +2 sling of draining (weapon) {Fritz}
 d - a +0 sling {Bianca}
 x - a +1 sling of freezing (offhand) {Bonhwa}
Missiles
 u - 2 throwing nets
Armour
 h - a +2 pair of gloves of strength (worn)
 j - a +2 pair of boots (worn)
 o - a +2 cloak (worn)
 p - +2 steam dragon scales (worn)
 w - a +2 hat of stealth (worn)
 E - the +4 swamp dragon scales of Kogaeney {rPois Will+ Dex+9}
   (You found it in a bailey)

   Dex+9:     It affects your dexterity (+9).
   rPois:     It protects you from poison.
   Will+:     It increases your willpower.
Wands
 e - a wand of flame (23)
 g - a wand of warping (27)
 t - a wand of digging (5)
Scrolls
 b - a scroll of fear
 c - 2 scrolls of vulnerability {unknown}
 l - 3 scrolls of teleportation
 n - a scroll of immolation
 q - 6 scrolls of identify
 r - 2 scrolls of fog
 y - a scroll of enchant armour
 z - 2 scrolls of revelation
 F - a scroll of silence
 G - a scroll of noise {unknown}
 H - a scroll of blinking
Potions
 f - 2 potions of magic
 i - 2 potions of attraction
 k - 3 potions of curing
 m - 2 potions of mutation
 s - 2 potions of might
 v - 2 potions of ambrosia {unknown}
 A - a potion of heal wounds
 B - a potion of brilliance {unknown}
 C - a potion of resistance {unknown}
 D - a potion of invisibility {unknown}


   Skills:
 - Level 5.0 Fighting
 + Level 14.1 Ranged Weapons
 - Level 10.6 Dodging
 - Level 0.7 Stealth


You had 11 spell levels left.
You didn't know any spells.
Your spell library contained the following spells:

 Spells                   Type           Power      Damage    Failure   Level
 Kiss of Death            Conj/Necr      0%         2d5       38%         1
 Necrotise                Necr           0%         1d4       38%         1
 Shock                    Conj/Air       0%         1d3       38%         1
 Slow                     Hex            0%         N/A       38%         1
 Confusing Touch          Hex            0%         N/A       77%         3
 Hailstorm                Conj/Ice       0%         3d5       77%         3
 Mephitic Cloud           Conj/Alch/Air  0%         N/A       77%         3
 Swiftness                Air            0%         N/A       77%         3
 Vampiric Draining        Necr           0%         2d6       77%         3
 Airstrike                Air            0%         2d(0-16)  99%         4
 Fulminant Prism          Conj/Alch      0%         3d5       99%         4
 Ignite Poison            Fire/Alch      0%         N/A       99%         4
 Leda's Liquefaction      Alch/Erth      0%         N/A       99%         4
 Petrify                  Alch/Erth      0%         N/A       99%         4
 Sticky Flame             Fire/Alch      0%         2d4       99%         4
 Vhi's Electric Charge    Tloc/Air       0%         N/A       99%         4
 Arcjolt                  Conj/Air       0%         1d10      100%        5
 Curse of Agony           Necr           0%         N/A       100%        5
 Freezing Cloud           Conj/Ice/Air   0%         6-21      100%        5
 Irradiate                Conj/Alch      0%         3d11      100%        5
 Metabolic Englaciation   Hex/Ice        0%         N/A       100%        5
 Permafrost Eruption      Ice/Erth       0%         2x4d1     100%        6
 Plasma Beam              Fire/Air       0%         2x1d10    100%        6
 Ignition                 Fire           0%         3d3       100%        8
 Summon Ice Beast         Ice/Summ       Unusable   N/A       N/A         3
 Martyr's Knell           Necr/Summ      Unusable   N/A       N/A         4
 Sculpt Simulacrum        Ice/Alch       Unusable   N/A       N/A         6

Dungeon Overview and Level Annotations

Branches:
Dungeon (10/15)            Temple (1/1) D:5            Lair (1/5) D:10
 Bailey (visited)
    Orc: D:9-12

Altars:
Ashenzari
Cheibriados
Dithmenos
Elyvilon
Fedhas
Gozag
Hepliaklqana
Kikubaaqudgha
Makhleb
Nemelex Xobeh
Okawaru
Qazlal
Ru
Sif Muna
Trog
Uskayaw
Vehumet
Wu Jian
Xom
Yredelemnul
Zin
The Shining One

Shops:
D:2 (   D:5 :

Annotations:
D:8 Erica


Innate Abilities, Weirdness & Mutations

You can wield a second weapon in your off-hand.
It takes a long time for you to wield or remove held weapons.
Your first few attacks do less damage.
You cannot equip rings or amulets.


Message History

The wolf bites you. The blink frog hits you!
The blink frog blinks!
The wolf bites you but does no damage.
The blink frog hits you but does no damage.
The wolf bites you. The wolf bites you but does no damage.
The basilisk bites you!
The blink frog hits you but does no damage.
The wolf bites you.
The blink frog blinks!
The wolf bites you but does no damage.
The blink frog blinks!
The wolf barely misses you. The basilisk gazes at you.
You resist with some effort.
The wolf bites you but does no damage. x2; The blink frog blinks!
The wolf bites you but does no damage. The basilisk completely misses you.
The wolf bites you! The wolf barely misses you.
The wolf bites you but does no damage.
The blink frog blinks!
The wolf bites you.
The blink frog blinks!
The basilisk bites you but does no damage.
The wolf bites you but does no damage. x2; The blink frog blinks!
The wolf bites you but does no damage.
The basilisk bites you but does no damage.
The wolf barely misses you. The wolf bites you!
* * * LOW HITPOINT WARNING * * *
The blink frog blinks!
The wolf bites you but does no damage.
The basilisk bites you but does no damage.
The wolf bites you but does no damage.
The blink frog blinks!
The wolf pauses to sniff the ground.
The wolf bites you but does no damage.
The blink frog blinks!
The wolf bites you but does no damage. The wolf bites you.
* * * LOW HITPOINT WARNING * * *
The basilisk bites you but does no damage.
The wolf completely misses you. The wolf bites you.
The wolf bites you but does no damage.
The basilisk bites you but does no damage.
You turn to flesh and can move again.
As you read the scroll of teleportation, it crumbles to dust.
You feel strangely unstable. The wolf bites you but does no damage.
The wolf closely misses you. The wolf bites you!
* * * LOW HITPOINT WARNING * * *
The wolf closely misses you. The basilisk bites you!
You die...

.....^P..###.###
.#.....
.#....+.........
.#...P.
#....#.........
..P.##P+
..#.#.##.........
.>......
#.....F...........
........
#................
.......
...........###.###
.......
#..........#......
.......
..........@†.§[...
.......
.........hhl..F...
.......
.....##...†#†.....
....... .~.~.
###..#......
...#### ~~~
...#...... ..#...#
##..# ..... . ....
#... ..... ...#
...+ .... P...#
#.. #


You could see a basilisk, 2 blink frogs and 2 wolves.

Vanquished Creatures
  3 two-headed ogres
  Joseph (D:7)
  Maggie (D:7)
  A cane toad (Lair:1)
  Psyche (D:8)
  2 komodo dragons
  A troll (D:10)
  3 blink frogs (Lair:1)
  A hornet (D:9)
  Grinder (D:4)
  Sigmund (D:3)
  Eustachio (D:6)
  A basilisk (Lair:1)
  A shadow (D:9)
  18 yaks
  A wyvern (Lair:1)
  Grum (D:9)
  Menkaure (D:4)
  A steam dragon (D:6)
  An acid dragon (D:10)
  2 water moccasins (Lair:1)
  Duvessa (D:4)
  An ice beast (D:7)
  4 orc warriors
  2 black bears
  6 wolves
  2 ogres (D:4)
  3 centaurs
  6 kobold brigands
  6 bullfrogs
  3 gnoll sergeants
  9 scorpions
  14 wights
  Dowan (D:4)
  7 killer bees
  An electric eel (D:10)
  3 howler monkeys
  4 hounds
  5 orc priests
  3 iguanas
  2 sleepcaps
  Natasha (D:2)
  8 orc wizards
  16 gnolls
  5 adders
  A shadow imp (D:5)
  3 dart slugs
  4 ribbon worms
  22 orcs
  8 ball pythons
  6 bats
  4 endoplasms
  9 goblins
  9 hobgoblins
  27 kobolds
  5 quokkas
  4 frilled lizards
  9 rats
  A butterfly (Lair:1)
269 creatures vanquished.

Vanquished Creatures (others)
  2 orc wizards
2 creatures vanquished.

Grand Total: 271 creatures vanquished

Notes
Turn   | Place    | Note
-------+----------+-------------------------------------------
     0 | D:1      | Biggs the Coglin Hunter began the quest for the Orb.
     0 | D:1      | Reached XP level 1. HP: 16/16 MP: 1/1
   101 | D:1      | Reached skill level 4 in Ranged Weapons
   101 | D:1      | Reached XP level 2. HP: 22/22 MP: 2/2
   283 | D:1      | Reached XP level 3. HP: 27/27 MP: 3/3
   878 | D:2      | Reached skill level 5 in Ranged Weapons
   878 | D:2      | Reached XP level 4. HP: 33/33 MP: 4/4
  1285 | D:2      | Found Bouxeom's Weapon Boutique.
  1385 | D:3      | Noticed Sigmund
  1402 | D:3      | Noticed Natasha
  1407 | D:3      | HP: 1/33 [Natasha/puff of flame (6)]
  1410 | D:2      | Killed Natasha
  1411 | D:2      | Reached XP level 5. HP: 25/38 MP: 5/5
  1476 | D:3      | Killed Sigmund
  1477 | D:3      | Reached skill level 6 in Ranged Weapons
  1477 | D:3      | Reached XP level 6. HP: 32/44 MP: 6/6
  1874 | D:4      | You fall into a shaft and drop 3 floors!
  1920 | D:7      | Reached XP level 7. HP: 36/50 MP: 7/7
  1926 | D:7      | Reached skill level 7 in Ranged Weapons
  1997 | D:7      | Noticed Joseph
  2005 | D:6      | Noticed Eustachio
  2057 | D:5      | Entered Level 5 of the Dungeon
  2058 | D:5      | HP: 2/50 [hound (3)]
  2291 | D:4      | Noticed Menkaure
  2295 | D:4      | Killed Menkaure
  2296 | D:4      | Reached skill level 8 in Ranged Weapons
  2311 | D:4      | Noticed Grinder
  2323 | D:4      | Paralysed by Grinder for 5 turns
  2329 | D:4      | Killed Grinder
  2330 | D:4      | Reached XP level 8. HP: 27/56 MP: 8/8
  2571 | D:4      | Reached skill level 9 in Ranged Weapons
  2670 | D:4      | Noticed Dowan
  2672 | D:4      | Noticed Duvessa
  2701 | D:4      | Killed Duvessa
  2702 | D:4      | Killed Dowan
  2738 | D:4      | Found a glowing silver altar of Zin.
  2939 | D:4      | Found an opulent altar of Gozag.
  3071 | D:5      | Reached skill level 5 in Fighting
  3094 | D:5      | Found Bibefud's Self-Published Books.
  3198 | D:5      | Reached XP level 9. HP: 68/68 MP: 9/9
  3238 | D:5      | Reached skill level 5 in Dodging
  3443 | D:5      | Found a staircase to the Ecumenical Temple.
  3483 | Temple   | Entered the Ecumenical Temple
  3492 | Temple   | Became a worshipper of Warmaster Okawaru
  4121 | D:6      | Killed Eustachio
  4274 | D:6      | Found a bloodstained altar of Trog.
  4789 | D:7      | Reached * piety under Okawaru
  4954 | D:7      | Noticed Maggie
  5387 | D:7      | Killed Maggie
  5738 | D:7      | Killed Joseph
  5738 | D:7      | Reached ** piety under Okawaru
  5739 | D:7      | Reached XP level 10. HP: 74/74 MP: 10/10
  6334 | D:8      | Found the +6 shillelagh "Devastator" {shatter}
  6335 | D:8      | Noticed a two-headed ogre
  6340 | D:8      | Noticed a two-headed ogre
  6351 | D:8      | Killed a two-headed ogre
  6376 | D:8      | Killed a two-headed ogre
  6376 | D:8      | Reached *** piety under Okawaru
  6377 | D:8      | Reached skill level 10 in Dodging
  6767 | D:8      | Noticed Psyche
  6791 | D:8      | Killed Psyche
  6871 | D:8      | Noticed Erica
  6991 | D:8      | Noticed a gargoyle
  7232 | D:9      | Reached **** piety under Okawaru
  7297 | D:9      | Reached skill level 10 in Ranged Weapons
  7430 | D:9      | Reached XP level 11. HP: 78/79 MP: 11/11
  7477 | D:9      | Noticed a two-headed ogre
  7484 | D:9      | Killed a two-headed ogre
  7485 | D:9      | Reached skill level 11 in Ranged Weapons
  7517 | D:9      | Noticed Grum
  7530 | D:9      | Reached ***** piety under Okawaru
  7547 | D:9      | Killed Grum
  7948 | D:9      | Got Mues's Incunabulum of Airborne Violence
  8093 | D:10     | Entered Level 10 of the Dungeon
  8131 | D:10     | Found a snail-covered altar of Cheibriados.
  8261 | D:10     | Reached skill level 12 in Ranged Weapons
  8354 | D:10     | Found a flagged portal.
  8364 | Bailey   | Entered a bailey
  8418 | Bailey   | Identified the +4 swamp dragon scales of Kogaeney {rPois
                  | Will+ Dex+9}
  8478 | Bailey   | Found a burning altar of Makhleb.
  9118 | D:10     | Found a sacrificial altar of Ru.
  9123 | D:10     | Reached skill level 13 in Ranged Weapons
  9123 | D:10     | Found a hazy altar of Hepliaklqana.
  9185 | D:10     | Found a staircase to the Lair.
  9356 | Lair:1   | Entered Level 1 of the Lair of Beasts
  9610 | Lair:1   | Reached XP level 12. HP: 86/86 MP: 12/12
  9662 | Lair:1   | Reached skill level 14 in Ranged Weapons
  9664 | Lair:1   | Received a gift from Okawaru
  9688 | Lair:1   | Slain by a basilisk

Illustrated notes

Levels and vault maps discovered:
D:1:      dpeg_arrival_simpleton_a, layout_basic
D:2:      layout_rooms, serial_shops, nicolae_shop_hallway_plus
D:3:      layout_rooms, uniq_sigmund, uniq_natasha
D:4:      wad_pebble_path, layout_basic, nicolae_overflow_crystal_walls,
          nicolae_gozag_seed_capital, uniq_duvessa, uniq_menkaure, uniq_grinder
D:5:      layout_loops_ring, minmay_temple_entry_mini_moons,
          nicolae_custom_books, minmay_manual_mess
D:6:      layout_basic, trog_hazing_becter, uniq_eustachio
D:7:      layout_layer_cave, nrook_loot_triangle, uniq_maggie, uniq_joseph
D:8:      layout_loops_ring, dilly_guarded_unrand_devastator, uniq_psyche,
          uniq_erica
D:9:      layout_basic, uniq_grum
D:10:     layout_stronghold, slow_altar_1, nicolae_overflow_squiral,
          grunt_lair_entry_orc_guard_hut, enter_bailey_2
Temple:   nicolae_temple_superstar
Lair:1:   layout_chaotic_city, serial_bayou_pond_d, lemuel_fruit_fields

Skill      XL: |  1  2  3  4  5  6  7  8  9 10 11 12 |
---------------+-------------------------------------+-----
Ranged Weapons | 4 5 6 8 9 10 13 14 | 14.1
Dodging        | 3 4 9 10 | 10.6
Fighting       | 5 |  5.0
Stealth        | |  0.7

Action                     |  1- 3 |  4- 6 |  7- 9 | 10-12 || total
---------------------------+-------+-------+-------+-------++-------
  Melee: Sling             |       |       |       |    13 ||    13
   Fire: Sling             |   120 |   196 |   676 |  1026 ||  2018
  Throw: Throwing net      |       |       |     2 |       ||     2
    Use: Potion            |       |     1 |     4 |     1 ||     6
         Scroll            |       |       |    18 |     3 ||    21
 Armour: Leather armour    |     3 |    19 |   170 |       ||   192
         Steam dragon scal |       |       |       |   144 ||   144
         Swamp dragon scal |       |       |       |     5 ||     5
  Dodge: Dodged            |     7 |    15 |   146 |   207 ||   375

Table legend: (Time is in decaauts)
 A = Elapsed time spent in this place.
 B = Non-inter-level travel time spent in this place.
 C = Inter-level travel time spent in this place.
 D = Time resting spent in this place.
 E = Time spent auto-exploring this place.
 F = Levels seen in this place.
 G = Mean time per level.
                   A        B        C        D        E       F      G
               +--------+--------+--------+--------+--------+-----+--------+
         Total |   9651 |   9278 |    373 |    768 |   6810 |  13 |  742.4 |
       Dungeon |   9104 |   8747 |    357 |    768 |   6471 |  10 |  910.4 |
        Temple |     18 |      2 |     16 |      0 |      0 |   1 |   18.0 |
          Lair |    304 |    304 |      0 |      0 |    205 |   1 |  304.0 |
        Bailey |    223 |    223 |      0 |      0 |    133 |   1 |  223.0 |
               +--------+--------+--------+--------+--------+-----+--------+

Top non-repeatable levels by time:
     D:7: 1649 daAuts
     D:6: 1202 daAuts
     D:9: 1071 daAuts
     D:4: 1023 daAuts
    D:10: 1017 daAuts
     D:1: 861 daAuts
     D:5: 707 daAuts
     D:2: 621 daAuts
     D:8: 561 daAuts
     D:3: 388 daAuts
  Lair:1: 304 daAuts
  Bailey: 223 daAuts
  Temple: 18 daAuts
